AoeStats
← pabloms8

Black Forest

505272969Analyzed
2v2 RM · 25d ago on Sep 8, 2026· 73m 51s· 4 players
Game mode
Random Map
Map size
Medium (4 player)
Population
200
Speed
Normal
Resources
Standard
Victory
Conquest
Starting age
Dark Age
Ending age
Imperial Age
RankedLock teamsTeams togetherTeam positionsShared explorationLock speedFull tech treeHidden civsTurbo modeCheats
Victory
Defeat
🇩🇪 Teutons · Germany
754
+19
🇷🇴 Bohemians · Romania
714
+21
🇪🇸 Teutons · Spain
825
-20
🇪🇸 Slavs · Spain
825
-20
David Ygra
0:52 Loom
13:50 Feudal Age
14:17 Double-Bit Axe
15:51 Wheelbarrow
14:58 Horse Collar
16:52 Man-at-Arms
24:20 Castle Age
23:47 Arson
26:15 Gold Mining
26:20 Stone Mining
26:34 Pikeman
27:58 Bloodlines
29:37 Stone Shaft Mining
29:34 Squires
33:18 Scale Barding Armor
34:16 Town Watch
39:38 Imperial Age
38:22 Fervor
41:08 Hand Cart
40:26 Cavalier
41:02 Halberdier
42:46 Guilds
43:06 Heavy Plow
43:20 Bow Saw
43:40 Conscription
45:16 Chemistry
44:28 Masonry
44:41 Ballistics
46:35 Chain Barding Armor
46:26 Forging
47:22 Crop Rotation
47:57 Two-Man Saw
46:51 Heavy Scorpion
49:18 Paladin
51:27 Caravan
57:11 Plate Barding Armor
56:39 Scale Mail Armor
56:31 Fletching
56:44 Padded Archer Armor
65:57 Ironclad
66:12 Hoardings
66:01 Crenellations
66:26 Onager
66:35 Capped Ram
67:41 Chain Mail Armor
68:03 Iron Casting
67:48 Leather Archer Armor
VM
1:59 Loom
12:29 Feudal Age
13:50 Wheelbarrow
13:04 Double-Bit Axe
13:02 Horse Collar
21:16 Castle Age
22:37 Hand Cart
22:26 Heavy Plow
22:40 Bow Saw
26:35 Caravan
31:12 Squires
30:32 Pikeman
30:36 Elite Skirmisher
37:10 Imperial Age
35:04 Ballistics
35:45 Chemistry
34:41 Murder Holes
34:57 Masonry
35:17 Fletching
35:28 Padded Archer Armor
35:29 Scale Mail Armor
35:39 Forging
36:22 Wagenburg Tactics
37:12 Houfnice
38:15 Conscription
37:25 Sappers
38:00 Halberdier
38:25 Arson
41:01 Two-Man Saw
40:05 Town Watch
41:10 Town Patrol
44:28 Bodkin Arrow
44:49 Leather Archer Armor
44:50 Chain Mail Armor
45:10 Iron Casting
46:40 Ring Archer Armor
46:11 Bracer
48:12 Plate Mail Armor
50:14 Blast Furnace
pabloms8
1:11 Loom
12:59 Feudal Age
18:03 Castle Age
16:24 Horse Collar
16:52 Double-Bit Axe
19:34 Bow Saw
20:03 Town Watch
22:13 Stone Mining
22:40 Fletching
25:01 Gold Mining
27:33 Detinets
29:49 Heavy Plow
33:31 Imperial Age
31:52 Gold Shaft Mining
33:56 Coinage
34:42 Wheelbarrow
33:56 Town Watch
35:04 Bodkin Arrow
36:13 Chemistry
36:27 Banking
37:10 Conscription
37:54 Crop Rotation
39:40 Hand Cart
41:04 Heavy Scorpion
42:41 Onager
43:30 Town Patrol
43:57 Ballistics
45:00 Two-Man Saw
44:29 Forging
44:24 Scale Barding Armor
46:45 Scale Barding Armor
47:15 Iron Casting
46:49 Siege Engineers
49:53 Chain Barding Armor
50:34 Blast Furnace
49:59 Husbandry
50:09 Bloodlines
50:27 Man-at-Arms
52:25 Elite Boyar
55:21 Plate Barding Armor
54:47 Padded Archer Armor
54:51 Scale Mail Armor
55:09 Druzhina
56:41 Siege Onager
57:44 Chain Mail Armor
57:28 Long Swordsman
58:09 Squires
58:45 Murder Holes
59:02 Masonry
59:05 Fortified Wall
59:20 Two-Handed Swordsman
59:21 Pikeman
62:03 Plate Mail Armor
61:22 Champion
perrusco
0:26 Loom
0:33 Loom
14:13 Feudal Age
15:14 Horse Collar
15:23 Double-Bit Axe
18:21 Castle Age
16:50 Gold Mining
21:41 Scale Barding Armor
21:50 Forging
34:29 Imperial Age
32:42 Wheelbarrow
32:34 Bloodlines
33:56 Hand Cart
35:28 Ironclad
36:00 Cavalier
36:37 Heavy Scorpion
38:06 Conscription
40:16 Chemistry
40:33 Heavy Plow
40:48 Onager
40:56 Paladin
46:02 Chain Barding Armor
46:17 Iron Casting
59:11 Plate Barding Armor
59:36 Blast Furnace
58:37 Scale Mail Armor
62:39 Chain Mail Armor
Connection lost

Rejoining the realm…

Still unreachable

The connection could not be restored.

Session expired

The server has moved on; the page needs a fresh start.